 Dungeon Crawl Stone Soup version 0.21-a0-531-gacddea6 (webtiles) character file.

1323 KeeTraxx the Insei (level 8, -6/48 HPs)
             Began as an Octopode Transmuter on Dec 13, 2017.
             Was a Follower of Wu Jian.
             Shot with an arrow by a centaur (7 damage)
             ... on level 6 of the Dungeon.
             The game lasted 00:16:06 (6802 turns).

KeeTraxx the Insei (Octopode Transmuter)            Turns: 6802, Time: 00:16:07

Health: -6/48      AC:  2    Str: 15    XL:     8   Next: 59%
Magic:  13/16      EV: 19    Int: 18    God:    Wu Jian [*.....]
Gold:   306        SH:  0    Dex: 17    Spells: 7/17 levels left

rFire    . . .     SeeInvis .     - Unarmed
rCold    . . .     Gourm    .   (shield currently unavailable)
rNeg     . . .     Faith    .   (helmet currently unavailable)
rPois    x         Spirit   .   (no amulet)
rElec    .         Reflect  .   l - +6 ring of strength
rCorr    .         Harm     .   (no ring)
MR       .....                  (no ring)
Stlth    ++........             (no ring)
HPRegen  0.16/turn              (no ring)
MPRegen  0.15/turn              (no ring)
                                (no ring)
                                (no ring)

@: spider-form
A: tiny, almost no armour, stealthy swim, (amphibious), 8 rings, (constrict 8)
a: End Transformation, Renounce Religion


You were on level 6 of the Dungeon.
You worshipped Wu Jian.
Wu Jian was aware of your devotion.
You were not hungry.
You were a venomous arachnid creature.
You visited 1 branch of the dungeon, and saw 6 of its levels.

You collected 306 gold pieces.

Inventory:

Hand Weapons
 b - a +0 blowgun (melded)
Missiles
 a - 8 arrows
 w - 96 sling bullets
 y - 12 poisoned needles
Magical Staves
 s - an uncursed staff of summoning
Jewellery
 l - a +6 ring of strength (left front leg)
Wands
 F - a wand of paralysis (12)
 J - a wand of polymorph (14)
Scrolls
 d - 3 scrolls of magic mapping {unknown}
 e - 6 scrolls of remove curse {unknown}
 n - a scroll of enchant armour {unknown}
 p - a scroll of random uselessness {unknown}
 q - 3 scrolls of teleportation {unknown}
 r - 2 scrolls of identify {unknown}
 u - a scroll of immolation {unknown}
 A - a scroll of noise {unknown}
 D - a scroll of acquirement {unknown}
 E - a scroll of fog {unknown}
 H - a scroll of amnesia {unknown}
 I - a scroll of fear {unknown}
Potions
 f - a potion of heal wounds {unknown}
 h - 2 potions of degeneration {unknown}
 i - a potion of berserk rage {unknown}
 j - a potion of resistance {unknown}
 m - a potion of haste {unknown}
 o - 2 potions of agility {unknown}
 t - a potion of curing {unknown}
 z - a potion of mutation {unknown}
 B - a potion of flight {unknown}
Books
 v - a book of Conjurations

   Spells                             Type                      Level
   a - Magic Dart                     Conjuration                  1
   b - Searing Ray                    Conjuration                  2
   c - Dazzling Spray                 Conjuration/Hexes            3
   d - Fulminant Prism                Conjuration/Hexes            4
   e - Force Lance                    Conjuration/Translocation    4
   f - Iskenderun's Mystic Blast      Conjuration                  4
 x - a book of Changes

   Spells                             Type                      Level
   a - Beastly Appendage              Transmutation                1
   b - Sticks to Snakes               Transmutation                2
   c - Spider Form                    Transmutation/Poison         3
   d - Ice Form                       Ice/Transmutation            4
   e - Blade Hands                    Transmutation                5
Comestibles
 c - 3 bread rations
 g - 3 meat rations
 k - 3 royal jellies
 C - 3 fruits


   Skills:
 + Level 1.6 Fighting
 - Level 2.0 Dodging
 + Level 6.6 Unarmed Combat
 + Level 5.3 Spellcasting
 + Level 4.6 Transmutations
 * Level 3.3 Ice Magic
 - Level 2.3 Poison Magic


You had 7 spell levels left.
You knew the following spells:

 Your Spells              Type           Power        Failure   Level  Hunger
a - Beastly Appendage     Tmut           ###...       8%          1    None
b - Sticks to Snakes      Tmut           ###.....     11%         2    #......
c - Spider Form           Tmut/Pois      ###.......   24%         3    ##.....
d - Ice Form              Ice/Tmut       ###.....     47%         4    ####...


Dungeon Overview and Level Annotations

Branches:
Dungeon (6/15)
 Temple: D:4-7

Altars:
Dithmenos
Fedhas
Makhleb
Qazlal
Ru
Wu Jian


Innate Abilities, Weirdness & Mutations

You cannot wear most types of armour.
You are very stealthy in the water. (Stealth+)
((You are amphibious.))
You can wear up to eight rings at the same time.
((You can use your tentacles to constrict eight enemies at once.))
((Your skin changes colour to match your surroundings (Stealth+).))
((Your rubbery body absorbs attacks. (AC +1, EV +1)))


Message History

You see here an arrow.
Casting: Spider Form
Confirm with . or Enter, or press ? or * to list all spells.
You turn into a venomous arachnid creature.
Your +0 blowgun melds into your body.
The centaur shoots an arrow.
The arrow hits you!
The centaur shoots an arrow.
The arrow barely misses you.
The centaur shoots an arrow.
The arrow hits you!
* * * LOW HITPOINT WARNING * * *
You see here an arrow.
You lunge at the centaur.
You completely miss the centaur.
The centaur unwields an uncursed shortbow.
The centaur barely misses you.
You bite the centaur!
The centaur is heavily wounded.
The centaur shoots an arrow.
The arrow closely misses you. The centaur closely misses you.
You hit the centaur but do no damage.
The centaur is heavily wounded.
The centaur shoots an arrow.
The arrow hits you!
You die...

#c# #.# #(# #. #(#
### #. #.# ##.## ##
###(# ##...####
#c..# #........
##.#####.###...####
#cs......# ##.##
#.(####### #.# #.(#
#.# #..# #.#
########..## #.#
.........(.# #.###
# ########.(.#
##...### #...#
#.....## ## #...#
#.....##


You could see 2 centaurs.

Vanquished Creatures
  Sigmund (D:6)
  A phantom (D:4)
  An ogre (D:4)
  A big kobold (D:5)
  2 bullfrogs (D:6)
  2 howler monkeys
  2 crimson imps (D:5)
  A hound (D:6)
  A jelly (D:6)
  A bullfrog skeleton (D:5)
  An orc priest (D:4)
  3 iguanas
  An orc wizard (D:6)
  5 worker ants
  A killer bee zombie (D:6)
  A hound skeleton (D:5)
  Robin (D:2)
  2 adders
  A shadow imp (D:3)
  An adder zombie (D:5)
  3 oozes
  2 dart slugs
  A worm (D:2)
  3 leopard geckos
  20 orcs
  A ball python (D:4)
  4 giant cockroaches
  10 hobgoblins
  8 jackals
  14 kobolds
  A quokka (D:6)
  4 bats
  8 frilled lizards
  8 goblins
  A jackal skeleton (D:5)
  A quokka skeleton (D:4)
  2 rats (D:1)
121 creatures vanquished.

Vanquished Creatures (collateral kills)
  A phantom (D:4)
  A scorpion (D:4)
  A worker ant (D:4)
  A worm (D:4)
4 creatures vanquished.

Grand Total: 125 creatures vanquished

Notes
Turn   | Place    | Note
-------+----------+-------------------------------------------
     0 | D:1      | KeeTraxx the Octopode Transmuter began the quest for the Orb.
     0 | D:1      | Reached XP level 1. HP: 13/13 MP: 3/3
   302 | D:1      | Reached XP level 2. HP: 18/18 MP: 3/5
   770 | D:1      | Reached XP level 3. HP: 21/23 MP: 4/6
   774 | D:1      | Learned a level 2 spell: Sticks to Snakes
   778 | D:1      | Learned a level 3 spell: Spider Form
  1330 | D:2      | Noticed Robin
  1337 | D:2      | Killed Robin
  1337 | D:2      | Reached skill level 4 in Unarmed Combat
  1388 | D:2      | Reached XP level 4. HP: 26/28 MP: 4/7
  1389 | D:2      | Reached skill level 1 in Poison Magic
  1825 | D:3      | Found a shadowy altar of Dithmenos.
  1960 | D:3      | You fall through a shaft!
  1986 | D:4      | Reached XP level 5. HP: 14/33 MP: 7/9
  2266 | D:4      | Noticed a phantom
  2299 | D:4      | Killed a phantom
  2436 | D:4      | Learned a level 4 spell: Ice Form
  2449 | D:4      | Noticed an ogre
  2485 | D:4      | Reached XP level 6. HP: 21/38 MP: 4/10
  2870 | D:4      | Noticed a phantom
  2904 | D:4      | Killed a phantom
  2904 | D:4      | Reached skill level 1 in Ice Magic
  4256 | D:4      | Reached skill level 5 in Unarmed Combat
  4256 | D:4      | Reached XP level 7. HP: 27/43 MP: 9/12
  4752 | D:5      | Entered Level 5 of the Dungeon
  5113 | D:5      | Found an ornate altar of the Wu Jian Council.
  5129 | D:5      | Became a worshipper of the Wu Jian Council
  5287 | D:5      | Found a stormy altar of Qazlal.
  5566 | D:5      | Reached XP level 8. HP: 39/48 MP: 10/15
  5597 | D:5      | Found a shadowy altar of Dithmenos.
  5598 | D:5      | Found a blossoming altar of Fedhas.
  5946 | D:6      | Reached skill level 5 in Spellcasting
  5954 | D:6      | Noticed Sigmund
  6089 | D:6      | Reached * piety under Wu Jian
  6089 | D:6      | Reached skill level 6 in Unarmed Combat
  6293 | D:6      | Killed Sigmund
  6662 | D:6      | Found a burning altar of Makhleb.
  6662 | D:6      | Found a sacrificial altar of Ru.
  6799 | D:6      | HP: 1/48 [centaur/arrow (14)]
  6802 | D:6      | Shot with an arrow by a centaur

Vault maps used:
D:1:      erik_arrival_cave_to_civilisation
D:2:      uniq_robin
D:3:      nicolae_dithmenos_through_a_glass_darkly
D:4:      minmay_opposing_rooms, first_bread, minmay_tree_intersection
D:5:      lemuel_crystal_altar, grunt_qazlal_sundering,
          gammafunk_temple_overflow_statue, interstate_on_off
D:6:      gammafunk_temple_overflow_wave, uniq_sigmund

Skill      XL: |  1  2  3  4  5  6  7  8 |
---------------+-------------------------+-----
Unarmed Combat | 4 5 6 |  6.6
Poison Magic   | 1 2 |  2.3
Spellcasting   | 3 4 5 |  5.3
Transmutations | 3 4 |  4.6
Ice Magic      | 1 2 3 |  3.3
Fighting       | |  1.6
Dodging        | |  2.0

Action                   |  1- 3 |  4- 6 |  7- 9 || total
-------------------------+-------+-------+-------++-------
Melee: Unarmed           |    67 |    92 |   148 ||   307
       Constrict         |    25 |    16 |    17 ||    58
       Tentacles         |    14 |    16 |    12 ||    42
       Kick              |    12 |    11 |    11 ||    34
       Punch             |       |     1 |     1 ||     2
 Fire: Blowgun           |       |       |    14 ||    14
 Cast: Beastly Appendage |    17 |    19 |    11 ||    47
       Sticks to Snakes  |       |     8 |     9 ||    17
       Spider Form       |       |     3 |    11 ||    14
 Stab: Sleeping          |     5 |     4 |     1 ||    10
  Eat: Chunk             |     2 |     8 |    10 ||    20
Armor: Skin              |     4 |     9 |     4 ||    17
Dodge: Dodged            |    36 |    38 |   103 ||   177

Table legend:
 A = Spawn XP
 B = Non-spawn XP
 C = Spawn XP percentage of total XP
 D = Spawn monster count
 E = Non-spawn monster count
 F = Spawn count percentage of total count
 G = Total turns spent on level
                    A         B        C        D         E        F      G
               +---------+---------+-------+---------+---------+-------+---------
         Total |       0 |    1891 |   0.0 |       0 |     125 |   0.0 |  6802
               +---------+---------+-------+---------+---------+-------+---------
           D:1 |       0 |      35 |   0.0 |       0 |      19 |   0.0 |  1034
           D:2 |       0 |      49 |   0.0 |       0 |      17 |   0.0 |   744
           D:3 |       0 |      62 |   0.0 |       0 |      21 |   0.0 |  1239
           D:4 |       0 |     661 |   0.0 |       0 |      27 |   0.0 |  1754
           D:5 |       0 |     412 |   0.0 |       0 |      23 |   0.0 |  1124
           D:6 |       0 |     672 |   0.0 |       0 |      18 |   0.0 |   907
               +---------+---------+-------+---------+---------+-------+---------
